 Dungeon Crawl Stone Soup version 0.23.1 (webtiles) character file.

Game seed: 15110613098921645225

148 Borgoz the Skirmisher (level 5, -5/45 HPs)
             Began as a Ghoul Warper on Mar 7, 2019.
             Killed from afar by Natasha (7 damage)
             ... with a magic dart
             ... on level 2 of the Dungeon.
             The game lasted 00:03:53 (1796 turns).

Borgoz the Skirmisher (Ghoul Warper)                Turns: 1796, Time: 00:03:55

Health: -5/45      AC:  3    Str: 20    XL:     5   Next: 30%
Magic:  7/7        EV: 12    Int: 13    God:
Gold:   86         SH:  0    Dex:  9    Spells: 7/9 levels left

rFire    . . .     SeeInvis .     - Unarmed
rCold    + . .     Gourm    .   (no shield)
rNeg     + + +     Faith    .   a - +0 leather armour
rPois    ∞         Spirit   .   (no helmet)
rElec    .         Reflect  .   (no cloak)
rCorr    .         Harm     .   (no gloves)
MR       .....                  (no boots)
Stlth    +.........             j - amulet of the acrobat
HPRegen  0.00/turn              (no ring)
MPRegen  0.10/turn              (no ring)

@: mighty, brilliant, rotting
A: rotting body, claws 1, carnivore, cold resistance 1, negative energy
resistance 3, inhibited regeneration, torment resistance, unbreathing
a: no special abilities


You were on level 2 of the Dungeon.
You were not hungry.

You visited 1 branch of the dungeon, and saw 3 of its levels.

You collected 86 gold pieces.

Inventory:

Missiles
 d - 5 tomahawks of dispersal (quivered)
Armour
 a - a +0 leather armour (worn)
Jewellery
 j - an amulet of the acrobat (around neck)
Scrolls
 c - a scroll of blinking
 g - a scroll of immolation {unknown}
 h - 2 scrolls of enchant weapon {unknown}
 k - a scroll of remove curse {unknown}
 l - 2 scrolls of enchant armour {unknown}
 n - a scroll of noise {unknown}
 q - 2 scrolls of identify {unknown}
 r - a scroll of magic mapping {unknown}
Potions
 e - a potion of brilliance
 i - a potion of curing {unknown}
 m - a potion of haste {unknown}
 o - 2 potions of might
 p - a potion of agility {unknown}
 s - a potion of degeneration {unknown}
 t - a potion of resistance {unknown}
 u - a potion of mutation {unknown}
Comestibles
 b - 2 chunks of flesh
 f - 4 rations


   Skills:
 + Level 3.2 Fighting
 - Level 0.8 Throwing
 + Level 2.0 Armour
 + Level 2.5 Dodging
 + Level 3.2 Unarmed Combat
 + Level 2.5 Spellcasting
 - Level 2.6 Translocations


You had 7 spell levels left.
You knew the following spells:

 Your Spells              Type           Power        Failure   Level  Hunger
a - Blink                 Tloc           N/A          1%          2    ###....

Your spell library contained the following spells:

 Spells                   Type           Power        Failure   Level  Hunger
 Shroud of Golubria       Chrm/Tloc      ##........   3%          2    ###....
 Gell's Gravitas          Tloc           ###.......   3%          3    ###....
 Lesser Beckoning         Tloc           ###.......   3%          3    ###....
 Teleport Other           Tloc           ###.....     3%          3    ###....
 Passage of Golubria      Tloc           N/A          11%         4    #####..


Dungeon Overview and Level Annotations

Branches:
Dungeon (3/15)

Altars:
Okawaru

Annotations:
D:2 Natasha


Innate Abilities, Weirdness & Mutations

Your body is rotting away.
You thrive on raw meat.
You are immune to poison.
You have sharp fingernails.
You are carnivorous and can eat meat at any time.
Your flesh is cold resistant. (rC+)
You are immune to negative energy. (rN+++)
You do not regenerate when monsters are visible.
You are immune to unholy pain and torment.
You can survive without breathing.


Message History

* * * LOW HITPOINT WARNING * * *
You closely miss Natasha.
Natasha is severely wounded.
Natasha casts a spell at you. You resist with some effort.
You scratch Natasha but do no damage.
Natasha is severely wounded.
Natasha casts a spell at you. The magic dart hits you!
* * * LOW HITPOINT WARNING * * *
It was a potion of brilliance.
You feel clever all of a sudden. Natasha closely misses you.
It was a potion of might.
You feel very mighty all of a sudden.
Natasha howls an incantation.
You feel troubled.
Natasha stares at you and mumbles some strange words.
The magic dart hits you!
You die...

##############
#.........h..##
#.#########@..##
#.#
#.....#######
######.#
#...........#
....##.#
#....>#####.#
.....#.##
##...######.#
###.....##
#...........#
#......##
#.########..#
##.......## #.#
#....#
##.........# #.#
#.#.##


You could see Natasha.

Vanquished Creatures
  Jessica (D:2)
  Natasha (D:2)
  Terence (D:2)
  An adder (D:2)
  An ooze (D:1)
  A worm (D:2)
  2 leopard geckos
  6 bats
  8 giant cockroaches
  7 goblins (D:1)
  7 hobgoblins
  2 quokkas (D:2)
  3 frilled lizards
  5 kobolds
  10 rats
56 creatures vanquished.

Notes
Turn   | Place    | Note
-------+----------+-------------------------------------------
     0 | D:1      | Borgoz the Ghoul Warper began the quest for the Orb.
     0 | D:1      | Reached XP level 1. HP: 17/17 MP: 2/2
    86 | D:1      | Reached skill level 1 in Armour
   103 | D:1      | Reached XP level 2. HP: 15/25 MP: 3/3
   206 | D:1      | Reached XP level 3. HP: 29/30 MP: 5/5
   210 | D:1      | Learned a level 2 spell: Blink
   802 | D:2      | Found an iron altar of Okawaru.
   803 | D:2      | Noticed Jessica
   814 | D:2      | Killed Jessica
   814 | D:2      | Reached XP level 4. HP: 35/37 MP: 6/6
  1065 | D:2      | Noticed Terence
  1095 | D:2      | Killed Terence
  1113 | D:2      | Reached XP level 5. HP: 31/45 MP: 7/7
  1196 | D:2      | Noticed Natasha
  1210 | D:2      | Killed Natasha
  1783 | D:2      | Noticed Natasha
  1794 | D:2      | HP: 2/45 [Natasha/magic dart (9)]
  1796 | D:2      | Killed from afar by Natasha

Skill      XL: |  1  2  3  4  5 |
---------------+----------------+-----
Armour         | 1 2 |  2.0
Dodging        | 2 |  2.5
Spellcasting   | 2 |  2.5
Fighting       | 3 |  3.2
Unarmed Combat | 3 |  3.2
Throwing       | |  0.8
Translocations | |  2.6

Action                   |  1- 3 |  4- 6 || total
-------------------------+-------+-------++-------
Melee: Unarmed           |   155 |    91 ||   246
  Use: Potion            |       |     2 ||     2
  Eat: Chunk             |    23 |    12 ||    35
Armor: Leather armour    |    44 |    17 ||    61
Dodge: Dodged            |    89 |    61 ||   150
